Map: [ESL] Solaris

Players

Cure

  • Race: Terran Terran
  • Spawn Location: 7:00

SHIN - Winner!

  • Race: Zerg Zerg
  • Spawn Location: 1:00

Event: IEM Katowice 2024

VOD

Have the link to the VOD?

Description

Time

  • Played on: Feb. 8, 2024, 9:47 a.m.
  • Length: 4:45

All games in this series

Show
View Real Time Build Order
Export as new Build Order

Cure Terran 

Build Orders:  

Get SALT Encoding   

  12  0:00  SCV  
  13  0:12  SCV  
  14  0:18  Supply Depot  
  14  0:24  SCV  
  15  0:40  SCV  
  15  0:41  Barracks  
  16  0:44  Refinery  
  16  0:52  SCV  
  17  0:58  Barracks  
  17  1:04  SCV  
  18  1:16  SCV  
  19  1:28  Orbital Command, Reaper  
  20  1:33  Supply Depot  
  20  1:45  Reaper  
  22  1:54  SCV  
  22  2:03  Reaper  
  22  2:06  SCV  
  24  2:10  Command Center  
  24  2:15  Refinery  
  24  2:18  SCV  
  24  2:21  Marine  
  26  2:30  SCV  
  27  2:42  SCV  
  28  2:48  Factory  
  28  2:52  Barracks Reactor  
  28  2:54  SCV  
  28  2:56  Barracks Tech Lab  
  29  3:06  Command Center  
  29  3:07  SCV  
  30  3:19  SCV  
  31  3:22  Orbital Command  
  31  3:31  SCV  
  32  3:39  Cyclone x2  
  36  3:43  Barracks Reactor, SCV  
  36  3:44  Marine  
  36  3:48  SCV  
  39  3:55  SCV  
  39  4:00  SCV, Starport  
  39  4:01  Marine  
  39  4:17  Hellion  
  39  4:18  Hellion  
  39  4:19  Marine  
  39  4:21  Marine x2  
Show
View Real Time Build Order
Export as new Build Order

SHIN Zerg - Winner!

Build Orders: Hatch First, Zergling Baneling 

Get SALT Encoding   

  12  0:00  Drone  
  13  0:07  Drone  
  14  0:16  Overlord  
  14  0:35  Drone x2  
  16  0:47  Hatchery  
  15  0:50  Drone  
  15  0:54  Drone  
  17  0:58  Drone  
  18  1:09  Extractor  
  17  1:13  Spawning Pool  
  17  1:16  Drone  
  17  1:19  Drone  
  18  1:29  Drone  
  19  1:40  Drone  
  20  1:52  Drone  
  21  1:59  Queen  
  21  2:00  Zergling x2, Queen  
  26  2:01  Zergling x2  
  27  2:10  Overlord  
  27  2:12  Zergling x2  
  27  2:13  Metabolic Boost  
  28  2:28  Zergling x4  
  30  2:35  Drone, Overlord  
  32  2:46  Zergling x4  
  34  2:52  Overlord  
  34  2:55  Zergling x2  
  35  3:02  Baneling Nest  
  35  3:05  Drone  
  33  3:15  Hatchery  
  33  3:17  Zergling x6  
  33  3:18  Zergling x2  
  36  3:26  Zergling x4  
  38  3:33  Zergling x6  
  41  3:46  Baneling x7  
  41  3:49  Zergling x4  
  43  3:55  Zergling x4  
  43  3:58  Baneling  
  43  4:00  Zergling x2  
  45  4:03  Zergling x2  
  45  4:05  Baneling  
  45  4:15  Zergling x6  
  45  4:17  Zergling x2  
  46  4:21  Zergling x2  
  45  4:24  Zergling x2  
  45  4:25  Zergling x2  
  45  4:28  Zergling x2  

Tags
 
Add a new tag
Caveats
  • Supply blocks, unpowered buildings, or Contaminate may cause inaccurate times.
  • Supply counts are checked every 10 seconds.